 Dungeon Sprint DCSS version 0.21.1-1-g345015f (webtiles) character file.

828 sexinstructor the Fighter (level 7, 0/105 (106) HPs)
             Began as a Minotaur Berserker on Mar 15, 2018.
             Was an Elder of Trog.
             Slain by a neqoxec (3 damage)
             ... in the Dungeon (Sprint II: "The Violet Keep of Menkaure").
             The game lasted 00:03:26 (292 turns).

sexinstructor the Fighter (Minotaur Berserker)       Turns: 292, Time: 00:03:29

HP:   0/105 (106)   AC:  1    Str: 28      XL:     7   Next: 64%
MP:   6/6           EV: 14    Int:  0 (4)  God:    Trog [****..]
Gold: 486           SH:  0    Dex: 10      Spells: 6/6 levels left

rFire    . . .     SeeInvis .   a - +0 mace
rCold    . . .     Gourm    .   (no shield)
rNeg     . . .     Faith    .   b - +0 animal skin
rPois    .         Spirit   .   (helmet restricted)
rElec    .         Reflect  .   (no cloak)
rCorr    .         Harm     .   (no gloves)
MR       +....     NoTele   +   (no boots)
Stlth    ..........             (no amulet)
HPRegen  0.27/turn              (no ring)
MPRegen  0.10/turn              (no ring)

@: berserking (expiring), slowed, lost intelligence
A: retaliatory headbutt, horns 2, deformed body, frail 1, magic resistance 1,
subdued magic 1
a: Berserk, Trog's Hand, Brothers in Arms, Burn Spellbooks, Renounce Religion


You were in the Dungeon.
You worshipped Trog.
Trog was greatly pleased with you.
You were hungry.

You visited 1 branch You collected 486 gold pieces.

Inventory:

Hand Weapons
 a - a +0 mace (weapon)
Armour
 b - a +0 animal skin (worn)
Scrolls
 i - a scroll of blinking
Potions
 d - a potion of curing
 e - a potion of heal wounds
 f - a potion of haste
 g - 2 potions of magic
 h - a potion of berserk rage
Comestibles
 c - a ration


   Skills:
 + Level 13.6 Fighting
 + Level 13.4 Maces & Flails
 - Level 2.4 Armour
 * Level 6.0 Dodging


You had 6 spell levels left.
You didn't know any spells.

Dungeon Overview and Level Annotations

Branches:
Dungeon (1/1)

Altars:


Innate Abilities, Weirdness & Mutations

You reflexively headbutt those who attack you in melee.
You have a pair of horns on your head.
Armour fits poorly on your strangely shaped body.
You are frail. (-10% HP)
You are resistant to hostile enchantments. (MR+)
Your spells are a little easier to cast, but a little less powerful.


Message History

Something feeds on your intellect! The neqoxec gestures at you.
Strange energies course through your body.
You feel resistant to hostile enchantments.
You hit the neqoxec. Your headbutt misses the neqoxec.
The neqoxec is lightly wounded.
You bludgeon the neqoxec!!
The neqoxec is severely wounded.
The neqoxec hits you!
* * * LOW HITPOINT WARNING * * *
The neqoxec misses you.
You are too berserk!
You bludgeon the neqoxec!!
You kill the neqoxec!
Trog accepts your kill.
The quasit disappears in a puff of smoke!
You feel your intelligence returning.
Your Dodging skill increases to level 6!
The neqoxec hits you.
You die...

### ##
##.###+# #§#
#...##.##3.#
+##.÷.<.@§#
#...##.##.#
##.###†###§#
####†#.####
#..#..#
###.### #+#


You could see a neqoxec.

Vanquished Creatures
  3 neqoxecs (D)
  4 necrophages (D)
  4 worker ants (D)
11 creatures vanquished.

Vanquished Creatures (others)
  Menkaure (D)
  A crocodile (D)
2 creatures vanquished.

Grand Total: 13 creatures vanquished

Notes
Turn   | Place    | Note
-------+----------+-------------------------------------------
     0 | D        | sexinstructor the Minotaur Berserker began the quest for the Orb.
     0 | D        | Reached XP level 1. HP: 19/19 MP: 0/0
     1 | D        | Noticed a necrophage
     1 | D        | Noticed a necrophage
     1 | D        | Noticed a necrophage
     1 | D        | Noticed a necrophage
     7 | D        | Killed a necrophage
     7 | D        | Reached XP level 2. HP: 35/35 MP: 1/1
     7 | D        | Reached XP level 3. HP: 40/40 MP: 2/2
     7 | D        | Reached XP level 4. HP: 48/48 MP: 3/3
    11 | D        | Killed a necrophage
    11 | D        | Reached skill level 10 in Fighting
    11 | D        | Reached skill level 10 in Maces & Flails
    11 | D        | Reached XP level 5. HP: 58/58 MP: 4/4
    17 | D        | Killed a necrophage
    17 | D        | Reached ** piety under Trog
    17 | D        | Reached XP level 6. HP: 67/67 MP: 5/5
    40 | D        | Killed Menkaure
   130 | D        | Reached *** piety under Trog
   275 | D        | Noticed a neqoxec
   275 | D        | Noticed a neqoxec
   275 | D        | Noticed a neqoxec
   275 | D        | Noticed a neqoxec
   275 | D        | Gained mutation: Your spells are a little easier to cast, but a little less powerful. [a neqoxec]
   275 | D        | Gained mutation: You are frail. (-10% HP) [a neqoxec]
   279 | D        | Killed a neqoxec
   279 | D        | Reached XP level 7. HP: 69/69 MP: 6/6
   283 | D        | Lost intelligence.
   284 | D        | Gained mutation: Armour fits poorly on your strangely shaped body. [a neqoxec]
   289 | D        | Killed a neqoxec
   289 | D        | Reached **** piety under Trog
   289 | D        | Reached skill level 5 in Dodging
   289 | D        | Gained mutation: You are resistant to hostile enchantments. (MR+) [a neqoxec]
   291 | D        | HP: 3/105 [neqoxec (9)]
   292 | D        | Killed a neqoxec
   292 | D        | Slain by a neqoxec

Skill      XL: |  1  2  3  4  5  6  7 |
---------------+----------------------+-----
Fighting       | 8 10 11 12 13 | 13.6
Maces & Flails | 8 10 11 12 13 | 13.4
Dodging        | 4 6 |  6.0
Armour         | |  2.4

Action                   |  1- 3 |  4- 6 |  7- 9 || total
-------------------------+-------+-------+-------++-------
Melee: Mace              |     3 |    21 |     6 ||    30
       Headbutt          |       |     4 |     1 ||     5
Invok: Berserk           |     1 |     2 |       ||     3
Armor: Animal skin       |       |     1 |       ||     1
Dodge: Dodged            |     2 |     7 |     4 ||    13
